 Dungeon Crawl Stone Soup version 0.19-a0-1457-g32fba05 (webtiles) character file.

52 Leszczynek the Skirmisher (level 3, 7/36 HPs)
             Began as a Hill Orc Wanderer on Sept 7, 2016.
             Quit the game on level 3 of the Dungeon.
             The game lasted 00:02:48 (1769 turns).

Leszczynek the Skirmisher (Hill Orc Wanderer)       Turns: 1769, Time: 00:02:48

Health: 7/36       AC:  2    Str: 16    XL:     3   Next: 85%
Magic:  3/3        EV: 11    Int: 12    God:
Gold:   67         SH:  0    Dex:  9    Spells: 0 memorised, 2 levels left

rFire  . . .     SeeInvis .     a - +2 short sword
rCold  . . .     Gourm    .     c - +0 robe
rNeg   . . .     Faith    .     (no shield)
rPois  .         Spirit   .     (no helmet)
rElec  .         Dismiss  .     (no cloak)
rCorr  .         Reflect  .     (no gloves)
MR     .....     Harm     .     (no boots)
Stlth  +.........               (no amulet)
                                (no ring)
                                (no ring)

@: lethally poisoned (7 -> -7)
A: no striking features
a: no special abilities


You were on level 3 of the Dungeon.
You were hungry.

You visited 1 branch of the dungeon, and saw 3 of its levels.

You collected 67 gold pieces.

Inventory:

Hand Weapons
 a - a +2 short sword (weapon)
 k - a +0 hand axe
Armour
 c - a +0 robe (worn)
Scrolls
 g - a scroll of noise {unknown}
 h - a scroll of enchant armour {unknown}
 i - a scroll of identify {unknown}
 j - a scroll of amnesia {unknown}
Comestibles
 b - a slice of pizza
 d - a bread ration
 f - a beef jerky


   Skills:
 - Level 5.2 Fighting
 - Level 2.0 Short Blades
 + Level 1.6(3.1) Axes
   Level 3.2(3.4) Maces & Flails
 - Level 1.7 Throwing


You had 2 spell levels left.
You didn't know any spells.

Dungeon Overview and Level Annotations

Branches:
Dungeon (3/15)

Altars:
Okawaru

Annotations:
D:2 Ijyb


Message History

You barely miss the adder.
The adder is almost dead.
The adder bites you.
You are more poisoned.
The adder poisons you!
You barely miss the adder. Your kick misses the adder.
The adder is almost dead.
The adder barely misses you. The adder bites you.
* * * LOW HITPOINT WARNING * * *
You are lethally poisoned!
The adder poisons you!
It was a potion of cure mutation.
It has a very clean taste.
Your hooves expand and flesh out into feet!
You feel slightly disoriented.
Your molten scales disappear.
* * * LOW HITPOINT WARNING * * *
You feel sick. The adder bites you.
* * * LOW HITPOINT WARNING * * *
You are more poisoned.
The adder poisons you!
Are you sure you want to abandon this character and quit the game? (Confirm with "yes".)

#.# #.........# #.#
#.........# ,,, #.#
#.........# #.#
#.........# , , #.#
########### ##.# * ,
...# #*
####################
.# *
#..............@SS#
##.#
#.###############g#
... ## #.#
#.####.#...## #.#
#.g.g.......$ #.#
#...#...♣...# ##.#
#.#....♣.♣, . * ...#
#.#...♣.♣.♣ * ####
#....♣.♣.♣.♣,
##..♣.♣._.♣.♣


You could see 2 adders and a goblin.

Vanquished Creatures
  An adder (D:3)
  2 oozes
  2 dart slugs
  2 orcs (D:3)
  3 bats
  2 giant cockroaches (D:1)
  2 goblins (D:1)
  A hobgoblin (D:3)
  5 jackals (D:1)
  2 kobolds
  A giant gecko skeleton (D:3)
  3 rats
26 creatures vanquished.

Notes
Turn   | Place    | Note
-------+----------+-------------------------------------------
     0 | D:1      | Leszczynek the Hill Orc Wanderer began the quest for the Orb.
     0 | D:1      | Leszczynek set off with: a +2 short sword, 2 scrolls of teleportation, a +0 robe, a bread ration
     0 | D:1      | Reached XP level 1. HP: 19/19 MP: 1/1
   132 | D:1      | Reached skill level 4 in Fighting
   303 | D:1      | Reached XP level 2. HP: 25/27 MP: 2/2
   759 | D:1      | Reached XP level 3. HP: 34/35 MP: 3/3
   778 | D:1      | Reached skill level 5 in Fighting
   902 | D:2      | Noticed Ijyb
  1119 | D:3      | starting with scrolls of teleportation? what scrolls of teleportation XD
  1365 | D:3      | Reached skill level 1 in Axes
  1728 | D:3      | Found an iron altar of Okawaru.
  1763 | D:3      | Gained mutation: You have large cloven feet. [potion of mutation]
  1763 | D:3      | Gained mutation: You are partially covered in molten scales. (AC +2) [potion of mutation]
  1763 | D:3      | Gained mutation: You passively map a small area around you. [potion of mutation]
  1768 | D:3      | Lost mutation: You have large cloven feet. [potion of cure mutation]
  1768 | D:3      | Lost mutation: You passively map a small area around you. [potion of cure mutation]
  1768 | D:3      | Lost mutation: You are partially covered in molten scales. (AC +2) [potion of cure mutation]
  1769 | D:3      | Quit the game

Vault maps used:
D:1:      dpeg_arrival_shrine
D:2:      first_bread, uniq_iyjb
D:3:      okawaru_trees_2

Skill      XL: |  1  2  3 |
---------------+----------+-----
Fighting       | 4 5 |  5.2
Axes           | 1 |  1.6
Short Blades   | |  2.0
Maces & Flails | |  3.2
Throwing       | |  1.7

Action                   || total
-------------------------++-------
Melee: Short sword       ||   116
       Kick              ||     1
  Use: Potion            ||     3
       Scroll            ||     2
  Eat: Chunk             ||     2
Armor: Robe              ||    33
       Skin              ||     7
Dodge: Dodged            ||    79
